 Dungeon Crawl Stone Soup version 0.28-a0-653-g7e9dba17c3 (webtiles) character file.

Game seed: 3316286073201036524

193 omnomnOMINOUS the Ducker (level 5, -1/36 HPs)
             Began as an Octopode Wanderer on Oct 11, 2021.
             Was a Believer of Ru.
             Slain by an orc warrior (13 damage)
             ... on level 5 of the Dungeon.
             The game lasted 00:08:18 (3998 turns).

omnomnOMINOUS the Ducker (Octopode Wanderer)        Turns: 3998, Time: 00:08:18

Health: -1/36      AC:  1    Str: 13    XL:     5   Next: 72%
Magic:  5/5        EV: 14    Int: 12    God:    Ru [**....]
Gold:   193        SH:  4    Dex: 13    Spells: 4/4 levels left

rFire   x . .      SeeInvis .   a - +0 trident
rCold   x . .      Faith    .   d - +0 buckler
rNeg    . . .      Spirit   .   (helmet restricted)
rPois   .          Reflect  .   c - amulet of regeneration
rElec   .          Harm     .   m - ring of wizardry
rCorr   .          Rampage  .   (no ring)
Will    .....                   (no ring)
Stlth   +++.......              (no ring)
HPRegen 0.12/turn               (no ring)
MPRegen 0.09/turn               (no ring)
                                (no ring)
                                (no ring)

@: flying
A: almost no armour, amphibious, 8 rings, camouflage 1, gelatinous body 1,
temperature sensitive, (nimble swimmer 1), tentacles
a: Renounce Religion


You were on level 5 of the Dungeon.
You worshipped Ru.
Ru was pleased with you.
You visited 1 branch of the dungeon, and saw 5 of its levels.

You collected 193 gold pieces.

Inventory:

Hand Weapons
 a - a +0 trident (weapon)
 b - a +0 dagger
Armour
 d - a +0 buckler (worn)
Jewellery
 c - an amulet of regeneration (around mantle)
 m - a ring of wizardry (left tentacle)
 p - a ring of protection from cold
Scrolls
 e - a scroll of enchant armour {unknown}
 f - a scroll of enchant weapon {unknown}
 h - a scroll of blinking {unknown}
 i - a scroll of fog {unknown}
 j - 2 scrolls of fear
 n - 2 scrolls of identify {unknown}
 o - a scroll of teleportation {unknown}
Potions
 g - a potion of magic {unknown}
 k - a potion of curing {unknown}
 l - a potion of flight


   Skills:
 + Level 3.6 Fighting
 - Level 2.0 Bows
 + Level 3.6 Dodging
 - Level 1.3 Stealth
 + Level 3.1 Shields
 - Level 1.0 Unarmed Combat
 - Level 1.1 Evocations


You had 4 spell levels left.
You didn't know any spells.
Your spell library contained the following spells:

 Spells                   Type           Power      Damage    Failure   Level
 Beastly Appendage        Tmut           0%         N/A       16%         1
 Corpse Rot               Necr/Air       N/A        N/A       22%         2
 Poisonous Vapours        Pois/Air       0%         N/A       22%         2
 Static Discharge         Conj/Air       0%         N/A       22%         2
 Wereblood                Tmut           0%         N/A       22%         2
 Spider Form              Tmut/Pois      0%         N/A       38%         3
 Lightning Bolt           Conj/Air       0%         1d11      98%         5
 Maxwell's Capacitive Co  Air            0%         ∞         100%        8


Dungeon Overview and Level Annotations

Branches:
Dungeon (5/15)             Temple (0/1) D:4

Altars:
Ru

Annotations:
D:4 Grinder


Innate Abilities, Weirdness & Mutations

You cannot wear most types of armour.
You are amphibious.
You can wear up to eight rings at the same time.
Your skin changes colour to match your surroundings (Stealth+).
Your rubbery body absorbs attacks. (AC +1, EV +1)
You are sensitive to extremes of temperature. (rF-, rC-)
((You are camouflaged near water. (Stealth+)))
You have tentacles for arms and can constrict up to eight enemies at once.


Message History

The orc shouts! x2
Found a runed helmet and a ring mail.
You see here a ring of protection from cold.
p - a ring of protection from cold You start putting on your amulet.
You continue putting on your amulet of regeneration. x4
The orc hits you with a +0 club. You block the orc's attack.
You continue putting on your amulet of regeneration.
The orc completely misses you. The orc hits you with a +0 war axe!
You finish putting on your amulet of regeneration.
The amulet cannot attune itself to your injured body.
c - an amulet of regeneration (around mantle) Unknown command.
You hit the orc. Your grab misses the orc.
The orc is severely wounded.
The orc hits you with a +0 club.
An orc warrior comes into view. It is wielding a +0 long sword.
You closely miss the orc. You grab the orc.
The orc is severely wounded.
You constrict the orc. You block the orc's attack. x2
You hit the orc.
You kill the orc!
The orc closely misses you.
You hit the orc. Your grab misses the orc.
The orc is lightly wounded.
The orc hits you with a +0 war axe.
You barely miss the orc. Your grab misses the orc. Your squeeze misses the orc.
The orc is lightly wounded.
You block the orc's attack.
Your shield prevents you from hitting the orc.
You grab the orc. Your squeeze misses the orc.
The orc is lightly wounded.
You constrict the orc, but do no damage.
The orc hits you with a +0 war axe! The orc warrior barely misses you.
The orc completely misses you.
It was a potion of flight.
You feel very buoyant.
You fly up into the air.
You constrict the orc.
The orc warrior hits you with a +0 long sword!
You die...

#........#
#........###
.#..........#
........<.###
#.........#
#.##.##.#.#
###..#. #.#.###.
......o##.#.....
#....@oo.......
#...#.###........
# # #..####..
#..# #..# .[[#
##.# .#


You could see an orc warrior and 2 orcs.

Vanquished Creatures
  A bullfrog skeleton (D:4)
  An orc priest (D:3)
  Terence (D:2)
  A gnoll (D:1)
  An adder (D:4)
  An adder skeleton (D:4)
  2 worms (D:2)
  A dart slug (D:1)
  13 orcs
  5 endoplasms
  2 giant cockroaches
  3 goblins
  2 hobgoblins
  6 jackals (D:1)
  7 kobolds
  2 quokkas (D:1)
  4 ball pythons
  7 bats
  7 frilled lizards
  5 rats
72 creatures vanquished.

Notes
Turn   | Place    | Note
-------+----------+-------------------------------------------
     0 | D:1      | omnomnOMINOUS the Octopode Wanderer began the quest for the
                  | Orb.
     0 | D:1      | omnomnOMINOUS set off with the following items: a +0
                  | dagger, a scroll of fear, a potion of lignification, a +0
                  | buckler, a potion of heal wounds
     0 | D:1      | Reached XP level 1. HP: 14/14 MP: 1/1
   154 | D:1      | Reached XP level 2. HP: 2/19 MP: 2/2
   862 | D:1      | Upgraded the game from 0.28-a0-643-g84cb2ea78e to
                  | 0.28-a0-653-g7e9dba17c3
  1006 | D:1      | Reached XP level 3. HP: 25/25 MP: 3/3
  1868 | D:2      | Found a sacrificial altar of Ru.
  1877 | D:2      | Became a worshipper of Ru the Awakened
  2187 | D:2      | Noticed Terence
  2196 | D:2      | Killed Terence
  2197 | D:2      | Reached XP level 4. HP: 25/31 MP: 4/4
  2737 | D:3      | Noticed a sky beast
  3181 | D:3      | Reached XP level 5. HP: 24/36 MP: 5/5
  3312 | D:3      | Gained mutation: You are sensitive to extremes of
                  | temperature. (rF-, rC-) [Ru sacrifice]
  3312 | D:3      | Reached * piety under Ru
  3312 | D:3      | Reached ** piety under Ru
  3483 | D:4      | Noticed a yak
  3483 | D:4      | Noticed a yak
  3680 | D:4      | Noticed Grinder
  3691 | D:4      | Paralysed by Grinder for 3 turns
  3887 | D:4      | Found a staircase to the Ecumenical Temple.
  3910 | D:5      | Entered Level 5 of the Dungeon
  3913 | D:5      | Noticed an ice beast
  3992 | D:5      | Noticed an orc warrior
  3998 | D:5      | Slain by an orc warrior

Illustrated notes

Levels and vault maps discovered:
D:1:      dpeg_arrival_court, layout_loops_corners
D:2:      layout_basic, basic_altar, chequers_serial_rivers_marsh, minivault_14,
          minmay_box_of_dots, uniq_terence
D:3:      layout_basic
D:4:      layout_rooms, gammafunk_temple_overflow_elements,
          minmay_temple_entry_poolview, uniq_duvessa, uniq_grinder
D:5:      layout_rooms, uniq_pikel

Skill      XL: |  1  2  3  4  5 |
---------------+----------------+-----
Shields        | 2 3 |  3.1
Fighting       | 3 |  3.6
Dodging        | 3 |  3.6
Bows           | |  2.0
Stealth        | |  1.3
Unarmed Combat | |  1.0
Evocations     | |  1.1

Action                   |  1- 3 |  4- 6 || total
-------------------------+-------+-------++-------
Melee: Dagger            |    71 |       ||    71
       Constrict         |    24 |    20 ||    44
       Tentacles         |    20 |    11 ||    31
       Trident           |    11 |   101 ||   112
       Punch             |     1 |       ||     1
Invok: Sacrifice Resista |       |     1 ||     1
  Use: Potion            |       |     4 ||     4
 Stab: Sleeping          |     8 |    11 ||    19
       Distracted        |     2 |       ||     2
Armor: Skin              |     1 |    30 ||    31
Dodge: Dodged            |    36 |    43 ||    79
Block: Buckler           |    17 |    20 ||    37

Table legend: (Time is in decaauts)
 A = Elapsed time spent in this place.
 B = Non-inter-level travel time spent in this place.
 C = Inter-level travel time spent in this place.
 D = Time resting spent in this place.
 E = Time spent auto-exploring this place.
 F = Levels seen in this place.
 G = Mean time per level.
                   A        B        C        D        E       F      G
               +--------+--------+--------+--------+--------+-----+--------+
         Total |   4040 |   3820 |    220 |    467 |   2638 |   5 |  808.0 |
       Dungeon |   4040 |   3820 |    220 |    467 |   2638 |   5 |  808.0 |
               +--------+--------+--------+--------+--------+-----+--------+

Top non-repeatable levels by time:
     D:1: 1687 daAuts
     D:2: 1009 daAuts
     D:3: 1002 daAuts
     D:4: 307 daAuts
     D:5: 32 daAuts
